 Dungeon Crawl Stone Soup version 0.31-a0-263-ge8cad7f256 (webtiles) character file.

Game seed: 12422794285520715565

21 qw the Shooter (level 2, 0/21 (24) HPs)
             Began as a Minotaur Hexslinger on July 13, 2023.
             Slain by a quokka (2 damage)
             ... on level 1 of the Dungeon.
             The game lasted 00:00:15 (619 turns).

qw the Shooter (Minotaur Hexslinger)                 Turns: 619, Time: 00:00:16

HP:   0/21 (24)     AC:  2    Str: 12    XL:     2   Next: 65%
MP:   2/2           EV: 12    Int: 10    God:
Gold: 30            SH:  0    Dex: 12    Spells: 2/3 levels left

rFire   . . .        a - +1 sling
rCold   . . .        (no shield)
rNeg    . . .        c - +0 robe
rPois   .            (helmet restricted)
rElec   .            (no cloak)
rCorr   .            (no gloves)
SInv    .            (no boots)
Will    .....        (no amulet)
Stlth   +            (no ring)
HPRegen 0.23/turn    (no ring)
MPRegen 0.08/turn

%: no passive effects
@: heavily drained
A: horns 2, retaliatory headbutt
a: no special abilities


You were on level 1 of the Dungeon.
You visited 1 branch of the dungeon, and saw 1 of its levels.

You collected 30 gold pieces.


Innate Abilities, Weirdness & Mutations

You have a pair of horns on your head.
You reflexively headbutt those who attack you in melee.


   Skills:
 - Level 2.0 Fighting
 + Level 3.3 Ranged Weapons
 - Level 2.1 Dodging
 - Level 1.0 Spellcasting
 - Level 2.0 Hexes


You had 2 spell levels left.
You knew the following spells:

 Your Spells              Type           Power      Damage    Failure   Level
a - Slow                  Hex            16%        N/A       16%         1

Your spell library contained the following spells:

 Spells                   Type           Power      Damage    Failure   Level
 Inner Flame              Hex/Fire       2%         N/A       56%         3
 Portal Projectile        Hex/Tloc       4%         N/A       56%         3
 Cause Fear               Hex            2%         N/A       83%         4

Inventory:

Hand Weapons
 a - a +1 sling (weapon)
Armour
 c - a +0 robe (worn)
 j - a +0 leather armour
Scrolls
 b - a scroll of poison
 e - 2 scrolls of teleportation {unknown}
 f - a scroll of fear {unknown}
 h - a scroll of immolation {unknown}
 i - a scroll of blinking {unknown}
Potions
 d - a potion of curing {unknown}
 g - a potion of heal wounds {unknown}

Dungeon Overview and Level Annotations

Branches:
Dungeon (1/15)

Altars:


Message History

You see here a frilled lizard corpse.
You see here a frilled lizard corpse.
A quokka comes into view.
Enter note:
Enter note:
Enter note:
Enter note: You shoot a sling bullet.
The sling bullet closely misses the quokka.
You hear a shout!
You shoot a sling bullet. The sling bullet hits the quokka.
The quokka is lightly wounded.
A goblin comes into view. It is wielding a +1 dagger of draining.
You shoot a sling bullet.
The sling bullet barely misses the goblin.
You shoot a sling bullet.
The sling bullet barely misses the quokka.
The goblin hits you with a +1 dagger of draining.
You feel drained. The quokka bites you.
You shoot a sling bullet.
The sling bullet barely misses the quokka.
The quokka barely misses you. The goblin barely misses you.
You shoot a sling bullet.
The sling bullet closely misses the quokka.
The quokka barely misses you.
The goblin hits you with a +1 dagger of draining.
You feel drained.
You shoot a sling bullet. The sling bullet hits the quokka.
The quokka is lightly wounded.
The quokka bites you.
The goblin hits you with a +1 dagger of draining.
You feel drained.
The quokka bites you but does no damage.
You shoot a sling bullet. The sling bullet misses the quokka.
The goblin closely misses you. The quokka bites you.
The goblin closely misses you.
You shoot a sling bullet. The sling bullet hits the quokka.
The quokka is almost dead.
The quokka bites you. The goblin barely misses you. The quokka bites you.
You die...

##.####.##.# ##+#### #..#
#.##.# .....###..# #.####
.....##...####.....
....##.#..........
..................
#.................
#g............)...
##############@r............^..
#..............>...............
#...............#####.........#
#................####........##
#.).........................##.
##..............#..........##.#
#.####.####....#.........##.8.
#.# #%#..+....#.........#....
#.# #.#.##...##.........+....


You could see a quokka and a goblin.

Vanquished Creatures
  2 endoplasms (D:1)
  A giant cockroach (D:1)
  A goblin (D:1)
  3 hobgoblins (D:1)
  A quokka (D:1)
  4 ball pythons (D:1)
  3 frilled lizards (D:1)
  A kobold (D:1)
  4 rats (D:1)
20 creatures vanquished.

Notes
Turn   | Place    | Note
-------+----------+-------------------------------------------
     0 | D:1      | qw the Minotaur Hexslinger began the quest for the Orb.
     0 | D:1      | Reached XP level 1. HP: 16/16 MP: 1/1
     0 | D:1      | 0 ||| qw: Version: 0.3-a-52-g30416fa
     0 | D:1      | 0 ||| qw: Game counter: 7491
     0 | D:1      | 0 ||| qw: Melee chars always use a shield: true
     0 | D:1      | 0 ||| qw: God list: Okawaru
     0 | D:1      | 0 ||| qw: Allow faded altars: false
     0 | D:1      | 0 ||| qw: Do Orc after clearing Dungeon:15 true
     0 | D:1      | 0 ||| qw: Do second Lair branch before Depths: true
     0 | D:1      | 0 ||| qw: Lair rune preference: random
     0 | D:1      | 0 ||| qw: Goals: Normal
     0 | D:1      | 0 ||| PLANNING D:1-11
   201 | D:1      | Reached skill level 3 in Ranged Weapons
   201 | D:1      | Reached XP level 2. HP: 16/23 MP: 2/2
   618 | D:1      | HP: 4/21 [quokka (5)]
   619 | D:1      | Slain by a quokka

Levels and vault maps discovered:
D:1:      sevenhm_arrival_forest_fort_small_6, layout_basic, dk_noncrumbling_3

Skill      XL: |  1  2 |
---------------+-------+-----
Ranged Weapons | 3 |  3.3
Fighting       | 2 |  2.0
Dodging        | |  2.1
Spellcasting   | |  1.0
Hexes          | |  2.0

Action                     || total
---------------------------++-------
   Fire: Sling             ||    77
 Armour: Robe              ||    11
  Dodge: Dodged            ||    25

Table legend:
 A = Non-vault XP
 B = Vault XP
 C = Vault XP percentage of total XP
 D = Non-vault monster count
 E = Vault monster count
 F = Vault count percentage of total count
                 A         B        C        D         E       F
            +---------+---------+-------+---------+---------+-------
      Total |      31 |       0 |   0.0 |      20 |       0 |   0.0
            +---------+---------+-------+---------+---------+-------
        D:1 |      31 |       0 |   0.0 |      20 |       0 |   0.0
            +---------+---------+-------+---------+---------+-------
